 Dungeon Crawl Stone Soup version 0.28-a0-1624-g820543e53a (webtiles) character file.

Game seed: 4065703578062850157

0 shoop the Sneak (level 1, 0/13 HPs)
             Began as a Vampire Delver on Jan 23, 2022.
             Slain by a centaur skeleton (4 damage)
             ... on level 4 of the Dungeon.
             The game lasted 00:01:11 (102 turns).

shoop the Sneak (Vampire Delver)                     Turns: 102, Time: 00:01:12

Health: 0/13       AC:  3    Str: 11    XL:     1   Next: 8%
Magic:  1/1        EV: 12    Int: 12    God:
Gold:   0          SH:  0    Dex: 15    Spells: 0/0 levels left

rFire   . . .      SeeInvis +   a - +0 falchion
rCold   + + .      Faith    .   (no shield)
rNeg    + + +      Spirit   .   h - +0 leather armour
rPois   ∞          Reflect  .   (no helmet)
rElec   .          Harm     .   (no cloak)
rCorr   .          Rampage  .   (no gloves)
Will    .....                   (no boots)
Stlth   +++++.....              (no amulet)
HPRegen 0.00/turn               (no ring)
MPRegen 0.07/turn               (no ring)

@: bloodless, inhibited regen
A: bloodless, fangs 3, see invisible, vampiric 1
a: Revivify


You were on level 4 of the Dungeon.
You visited 1 branch of the dungeon, and saw 2 of its levels.

Inventory:

Hand Weapons
 a - a +0 falchion (weapon)
 b - a +0 dagger of venom
Missiles
 i - 8 poisoned darts (quivered)
Armour
 h - a +0 leather armour (worn)
Wands
 g - a wand of digging (3)
Scrolls
 c - a scroll of fog
 d - a scroll of magic mapping
 e - a scroll of fear
Potions
 f - a potion of haste


   Skills:
 + Level 2.7 Fighting
 + Level 2.0 Long Blades
 + Level 2.2 Dodging
 + Level 7.2 Stealth


You couldn't memorise any spells.
You didn't know any spells.
Your spell library was empty.

Dungeon Overview and Level Annotations

Branches:
Dungeon (5/15)
 Temple: D:4-7

Altars:

Annotations:
D:4 exclusions: ball python and skeleton
D:5 Duvessa


Innate Abilities, Weirdness & Mutations

You do not regenerate when monsters are visible.
You are frail without blood (-20% HP).
You can heal yourself when you bite living creatures.
You are immune to poison.
You have razor-sharp teeth.
You have supernaturally acute eyesight. (SInv)
You are afflicted with vampirism.


Message History

Found a mace.
There is a stone staircase leading down here.
Unknown command.
A centaur skeleton comes into view.
Found a stone staircase leading up.
Unknown command.
Your +0 dagger of venom stops dripping with poison.
a - a +0 falchion (weapon)
Adjust (i)tems, (s)pells, or (a)bilities?
h - a +0 dagger of venom Adjust to which letter? (? for menu, Esc to quit)
b - a +0 dagger of venom;
h - a +0 leather armour (worn)
Really walk into a travel-excluded area?
Found a ring mail.
You hit the centaur skeleton but do no damage.
You bite the centaur skeleton.
The centaur skeleton is lightly damaged.
The centaur skeleton hits you.
The centaur skeleton closely misses you.
The centaur skeleton misses you.
The centaur skeleton kicks you but does no damage.
You hit the centaur skeleton.
The centaur skeleton is moderately damaged.
The centaur skeleton hits you.
The centaur skeleton kicks you but does no damage.
You slash the centaur skeleton!
The centaur skeleton is severely damaged.
The centaur skeleton hits you but does no damage.
The centaur skeleton kicks you but does no damage.
The centaur skeleton barely misses you. The centaur skeleton kicks you.
You hit the centaur skeleton.
The centaur skeleton is severely damaged.
The centaur skeleton barely misses you. The centaur skeleton kicks you.
You completely miss the centaur skeleton.
You bite the centaur skeleton.
The centaur skeleton is almost destroyed.
The centaur skeleton barely misses you.
The centaur skeleton kicks you but does no damage.
The centaur skeleton hits you.
You die...

...............
#[.............
#..# #.............
#..# #......<.....
#..# #...Z.......
#..# #..........
#..# #.........
#..# ###........
#..# ###@Z........
#..####............
##..#.....###......
#......### ######
##...#### .. #..###
....####.##
..../..>.#
....?...##


You could see a centaur skeleton.

Vanquished Creatures
  A kobold (D:5)
1 creature vanquished.

Notes
Turn   | Place    | Note
-------+----------+-------------------------------------------
     0 | D:5      | shoop the Vampire Delver began the quest for the Orb.
     0 | D:5      | Reached XP level 1. HP: 17/17 MP: 1/1
     0 | D:5      | Noticed Duvessa
   102 | D:4      | Slain by a centaur skeleton

Illustrated notes

Levels and vault maps discovered:
D:4:      layout_cave_pods
D:5:      layout_gridville, zin_treasury, ebering_ghost_inner_flame,
          serial_shops, shop, shop, minmay_strange_pillars, minmay_statues_item,
          uniq_duvessa

Action                   || total
-------------------------++-------
Melee: Falchion          ||     9
       Bite              ||     3
 Abil: Exsanguinate      ||     1
Armor: Leather armour    ||     5
Dodge: Dodged            ||    10

Table legend: (Time is in decaauts)
 A = Elapsed time spent in this place.
 B = Non-inter-level travel time spent in this place.
 C = Inter-level travel time spent in this place.
 D = Time resting spent in this place.
 E = Time spent auto-exploring this place.
 F = Levels seen in this place.
 G = Mean time per level.
                   A        B        C        D        E       F      G
               +--------+--------+--------+--------+--------+-----+--------+
         Total |    102 |    102 |      0 |      0 |     10 |   2 |   51.0 |
       Dungeon |    102 |    102 |      0 |      0 |     10 |   2 |   51.0 |
               +--------+--------+--------+--------+--------+-----+--------+

Top non-repeatable levels by time:
     D:5: 73 daAuts
     D:4: 29 daAuts
